 Dungeon Crawl Stone Soup version 0.23.0-3-gf3c87f2 (webtiles) character file.

Game seed: 7143423548351113219

79 misha the Poker (level 4, -1/34 HPs)
             Began as a Merfolk Gladiator on Feb 23, 2019.
             Slain by a leopard gecko (5 damage)
             ... on level 2 of the Dungeon.
             The game lasted 00:04:41 (1420 turns).

misha the Poker (Merfolk Gladiator)                 Turns: 1420, Time: 00:04:42

Health: -1/34      AC:  4    Str: 15    XL:     4   Next: 37%
Magic:  4/4        EV: 14    Int:  7    God:
Gold:   49         SH:  0    Dex: 15    Spells: 3/3 levels left

rFire    . . .     SeeInvis .   a - +0 trident
rCold    . . .     Gourm    .   (no shield)
rNeg     . . .     Faith    .   b - +0 leather armour
rPois    .         Spirit   .   n - +0 helmet
rElec    .         Reflect  .   (no cloak)
rCorr    .         Harm     .   (no gloves)
MR       .....                  (no boots)
Stlth    +.........             (no amulet)
HPRegen  0.11/turn              (no ring)
MPRegen  0.09/turn              (no ring)

@: no status effects
A: change form in water, swift swim, stealthy swim
a: no special abilities


You were on level 2 of the Dungeon.
You were not hungry.

You visited 1 branch of the dungeon, and saw 2 of its levels.

You collected 49 gold pieces.

Inventory:

Hand Weapons
 a - a +0 trident (weapon)
Missiles
 h - 21 stones
 i - 17 arrows
 k - 53 sling bullets
 l - 10 poisoned needles
 m - 2 throwing nets (quivered)
Armour
 b - a +0 leather armour (worn)
 c - a +0 helmet
 n - a +0 helmet (worn)
Scrolls
 g - 3 scrolls of remove curse
Potions
 e - a potion of haste {unknown}
Comestibles
 d - a chunk of flesh
 f - a ration


   Skills:
 + Level 2.7 Fighting
 + Level 5.8 Polearms
 + Level 2.0 Throwing
 + Level 0.6 Armour
 + Level 4.8 Dodging
 + Level 0.8 Stealth


You had 3 spell levels left.
You didn't know any spells.
Your spell library was empty.

Dungeon Overview and Level Annotations

Branches:
Dungeon (2/15)

Altars:
Gozag

Shops:
D:2 *


Message History

You puncture the jackal!
You kill the jackal!
You miss the leopard gecko. The leopard gecko misses you.
You hit the leopard gecko but do no damage.
The leopard gecko barely misses you.
You barely miss the leopard gecko. The leopard gecko closely misses you.
You hit the leopard gecko.
The leopard gecko is severely wounded.
The leopard gecko barely misses you. x2
You hit the leopard gecko.
The leopard gecko is almost dead.
The leopard gecko bites you but does no damage.
You closely miss the leopard gecko.
The leopard gecko is almost dead.
The leopard gecko bites you.
* * * LOW HITPOINT WARNING * * *
The leopard gecko barely misses you.
The leopard gecko hisses menacingly.
The leopard gecko bites you.
You die...

.........
.......##.#.#####
..####### ##....##...#
#รท## #....#...### #..###
####.......# .)...#
###.#####.# ##.#.###
#.w.# .# .......#####
#g### # ##..##.....## #l#
#...#####..####@# ##..##
##......#######.
###...######..........>..
.............############
#####.######## .# .# .#
.#


You could see a worm, a leopard gecko and a hobgoblin.

Vanquished Creatures
  Natasha (D:2)
  An adder (D:2)
  2 worms (D:2)
  A dart slug (D:1)
  4 bats
  3 goblins
  5 hobgoblins
  7 jackals (D:2)
  4 kobolds (D:1)
  A frilled lizard (D:1)
  A quokka zombie (D:2)
  5 rats
35 creatures vanquished.

Notes
Turn   | Place    | Note
-------+----------+-------------------------------------------
     0 | D:1      | misha the Merfolk Gladiator began the quest for the Orb.
     0 | D:1      | Reached XP level 1. HP: 16/16 MP: 1/1
    80 | D:1      | Reached XP level 2. HP: 15/22 MP: 2/2
   339 | D:1      | Reached skill level 5 in Polearms
  1146 | D:2      | Reached XP level 3. HP: 26/28 MP: 3/3
  1175 | D:2      | Noticed Natasha
  1196 | D:2      | Killed Natasha
  1256 | D:2      | Found Gozag's Platinum Reserve.
  1256 | D:2      | Found an opulent altar of Gozag.
  1330 | D:2      | Reached XP level 4. HP: 34/34 MP: 4/4
  1420 | D:2      | Slain by a leopard gecko

Skill      XL: |  1  2 |
---------------+-------+-----
Polearms       | 5 |  5.8
Fighting       | |  2.7
Throwing       | |  2.0
Armour         | |  0.6
Dodging        | |  4.8
Stealth        | |  0.8

Action                   |  1- 3 |  4- 6 || total
-------------------------+-------+-------++-------
Melee: Trident           |   103 |    38 ||   141
Throw: Throwing net      |     3 |       ||     3
  Use: Scroll            |     2 |       ||     2
 Stab: Held in net/web   |     2 |       ||     2
       Sleeping          |     1 |       ||     1
  Eat: Chunk             |     1 |     1 ||     2
Armor: Leather armour    |    17 |     7 ||    24
Dodge: Dodged            |    64 |    44 ||   108
